 Dungeon Crawl Stone Soup version 0.30-a0-737-gf23d94013f (webtiles) character file.

Game seed: 7290463248063278322

65 hikkokomori the Ducker (level 3, -3/28 HPs)
             Began as a Demonspawn Gladiator on Feb 2, 2023.
             Slain by an orc
             ... wielding a +0 flail
              (7 damage)
             ... on level 3 of the Dungeon.
             The game lasted 00:01:48 (1011 turns).

hikkokomori the Ducker (Demonspawn Gladiator)       Turns: 1011, Time: 00:01:48

Health: -3/28      AC:  9    Str: 14    XL:     3   Next: 92%
Magic:  3/3        EV: 11    Int:  9    God:
Gold:   75         SH:  0    Dex: 16    Spells: 2/2 levels left

rFire   . . .      SeeInvis .    a - +0 long sword
rCold   . . .      Faith    .    (no shield)
rNeg    . . .      Spirit   .    g - +0 ring mail
rPois   .          Reflect  .    c - +0 helmet
rElec   .          Harm     .    (no cloak)
rCorr   .          Rampage  .    (no gloves)
Will    .....                    (no boots)
Stlth   +                        (no amulet)
HPRegen 0.24/turn                (no ring)
MPRegen 0.08/turn                (no ring)

@: no status effects
A: slimy green scales 2
a: no special abilities


You were on level 3 of the Dungeon.
You visited 1 branch of the dungeon, and saw 3 of its levels.

You collected 75 gold pieces.

Inventory:

Hand Weapons
 a - a +0 long sword (weapon)
Missiles
 d - 3 throwing nets (quivered)
 e - a javelin
Armour
 b - a +0 leather armour
 c - a +0 helmet (worn)
 g - a +0 ring mail (worn)
Scrolls
 f - a scroll of blinking {unknown}
 h - a scroll of silence {unknown}
 i - a scroll of vulnerability {unknown}
 j - a scroll of amnesia {unknown}
 k - 2 scrolls of fog
 m - a scroll of identify
 o - a scroll of poison {unknown}
 p - a scroll of immolation {unknown}
Potions
 l - a potion of flight {unknown}
 n - a potion of curing {unknown}


   Skills:
 + Level 2.6 Fighting
 + Level 3.1 Long Blades
 - Level 1.7 Throwing
 + Level 3.2 Dodging
 + Level 1.6 Stealth


You had 2 spell levels left.
You didn't know any spells.
Your spell library contained the following spells:

 Spells                   Type           Power      Damage    Failure   Level
 Freeze                   Ice            0%         1d3       63%         1
 Frozen Ramparts          Ice            0%         1d1       94%         3
 Hailstorm                Conj/Ice       0%         3d3       94%         3


Dungeon Overview and Level Annotations

Branches:
Dungeon (3/15)

Altars:


Innate Abilities, Weirdness & Mutations

You are mostly covered in slimy green scales. (AC +3)


Message History

You are too injured to fight recklessly!
You are too injured to fight recklessly!
You are too injured to fight recklessly!
You are too injured to fight recklessly!
The hobgoblin attacks as you move away!
The hobgoblin hits you but does no damage.
Things that are here:
a +0 dagger; an orc corpse
Things that are here:
a +0 club; an orc corpse
As you read the scroll labelled ENGAEFFOANI, it crumbles to dust.
It is a scroll of identify.
k - 3 scrolls of fog The orc completely misses you.
As you read the scroll of fog, it crumbles to dust.
The scroll dissolves into smoke.
The orc attacks as you move away! The orc completely misses you.
The orc barely misses you. The orc attacks as you move away!
The orc hits you with a +0 flail.
* * * LOW HITPOINT WARNING * * *
You see here a jackal corpse.
The orc attacks as you move away! The orc hits you with a +0 short sword.
* * * LOW HITPOINT WARNING * * *
The orc attacks as you move away! The orc closely misses you.
The orc attacks as you move away! The orc barely misses you.
The orc attacks as you move away! The orc misses you.
There is a stone staircase leading down here.
The orc barely misses you.
You climb downwards.
Found an escape hatch in the ceiling.
There is a stone staircase leading up here.
You closely miss the orc. The orc hits you but does no damage.
You barely miss the orc. The orc misses you.
You closely miss the orc. The orc barely misses you.
The orc hits you with a +0 flail.
* * * LOW HITPOINT WARNING * * *
You hit the orc.
The orc is severely wounded.
The orc hits you with a +0 flail!
You die...

### #..
#.# .##
#.##...<.
#@...#
#o.###
#..# #...
...##
####


You could see an orc.

Vanquished Creatures
  An adder (D:2)
  2 orcs (D:2)
  3 ball pythons (D:1)
  4 endoplasms
  3 giant cockroaches
  6 goblins
  5 hobgoblins
  2 jackals (D:2)
  4 kobolds
  4 quokkas (D:1)
  4 bats
  4 frilled lizards (D:1)
  5 rats
47 creatures vanquished.

Notes
Turn   | Place    | Note
-------+----------+-------------------------------------------
     0 | D:1      | hikkokomori the Demonspawn Gladiator began the quest for
                  | the Orb.
     0 | D:1      | Reached XP level 1. HP: 16/16 MP: 1/1
   131 | D:1      | Gained mutation: You are partially covered in slimy green
                  | scales. (AC +2) [demonic ancestry]
   131 | D:1      | Reached XP level 2. HP: 8/22 MP: 2/2
   309 | D:1      | Reached skill level 1 in Stealth
   488 | D:1      | Gained mutation: You are mostly covered in slimy green
                  | scales. (AC +3) [demonic ancestry]
   488 | D:1      | Reached XP level 3. HP: 27/28 MP: 3/3
  1011 | D:3      | Slain by an orc

Illustrated notes

Levels and vault maps discovered:
D:1:      dpeg_arrival_three_same_balls, layout_rooms, minmay_3d_cube
D:2:      layout_basic, kennysheep_cross_room
D:3:      cheibrodos_pilgrimage, layout_loops_cross, lightli_temple_of_fire

Skill      XL: |  1  2 |
---------------+-------+-----
Stealth        | 1 |  1.6
Long Blades    | 3 |  3.1
Dodging        | 3 |  3.2
Fighting       | |  2.6
Throwing       | |  1.7

Action                     || total
---------------------------++-------
  Melee: Long sword        ||   145
         Punch             ||     2
    Use: Scroll            ||     2
 Armour: Leather armour    ||    29
         Ring mail         ||    49
  Dodge: Dodged            ||   139

Table legend: (Time is in decaauts)
 A = Elapsed time spent in this place.
 B = Non-inter-level travel time spent in this place.
 C = Inter-level travel time spent in this place.
 D = Time resting spent in this place.
 E = Time spent auto-exploring this place.
 F = Levels seen in this place.
 G = Mean time per level.
                   A        B        C        D        E       F      G
               +--------+--------+--------+--------+--------+-----+--------+
         Total |   1047 |   1042 |      5 |      0 |    714 |   3 |  349.0 |
       Dungeon |   1047 |   1042 |      5 |      0 |    714 |   3 |  349.0 |
               +--------+--------+--------+--------+--------+-----+--------+

Top non-repeatable levels by time:
     D:1: 697 daAuts
     D:2: 344 daAuts
     D:3: 4 daAuts
